 Dungeon Crawl Stone Soup version 0.29.0-4-gdea44cf6ec (webtiles) character file.

Game seed: 5334502777612153430

2664 qw the Grappler (level 9, 0/85 HPs)
             Began as a Troll Cinder Acolyte on Sept 1, 2022.
             Was a Priest of Ignis.
             Slain by a wight
             ... wielding a +0 battleaxe
              (7 damage)
             ... on level 7 of the Dungeon.
             The game lasted 00:04:15 (6141 turns).

qw the Grappler (Troll Cinder Acolyte)              Turns: 6141, Time: 00:04:15

Health: 0/85       AC: 13    Str: 28    XL:     9   Next: 36%
Magic:  9/9        EV:  9    Int: 10    God:    Ignis [***...]
Gold:   1417       SH:  0    Dex:  5    Spells: 10/10 levels left

rFire   + . .      SeeInvis +     - Unarmed
rCold   . . .      Faith    .   (no shield)
rNeg    . . .      Spirit   .   a - +0 robe
rPois   .          Reflect  .   (helmet restricted)
rElec   .          Harm     .   b - +1 cloak
rCorr   .          Rampage  .   (gloves unavailable)
Will    +....                   (boots unavailable)
Stlth   +.........              (no amulet)
HPRegen 1.04/turn               d - ring of willpower
MPRegen 0.11/turn               k - ring of see invisible

@: fiery-armoured
A: large, unfitting armour, claws 3, regeneration 1, shaggy fur 1, tough skin 1
a: Renounce Religion, Fiery Armour, Foxfire Swarm, Rising Flame


You were on level 7 of the Dungeon.
You worshipped Ignis.
Ignis was most pleased with you.
You visited 1 branch of the dungeon, and saw 7 of its levels.
You visited the Abyss 1 time.

You collected 1522 gold pieces.
You spent 105 gold pieces at shops.


Innate Abilities, Weirdness & Mutations

You are too large for most types of armour.
You have claws for hands.
Your natural rate of healing is unusually fast.
You are covered in fur. (AC +1)
You have tough skin. (AC +1)


   Skills:
 + Level 4.4 Fighting
 - Level 2.2 Dodging
 - Level 12.0 Unarmed Combat
 - Level 1.0 Spellcasting
 - Level 2.1 Fire Magic


You had 10 spell levels left.
You didn't know any spells.
Your spell library contained the following spells:

 Spells                   Type           Power      Damage    Failure   Level
 Scorch                   Fire           8%         2d5       22%         2

Inventory:

Armour
 a - a +0 robe (worn)
 b - a +1 cloak (worn)
Jewellery
 d - a ring of willpower (left claw)
 g - a ring of positive energy
 k - a ring of see invisible (right claw)
Wands
 c - a wand of digging (5)
Scrolls
 f - 5 scrolls of identify
 o - a scroll of enchant weapon
Potions
 e - 8 potions of curing
 l - a potion of might
 m - a potion of resistance

Dungeon Overview and Level Annotations

Branches:
Dungeon (7/15)             Temple (0/1) D:5

Altars:
Ashenzari
Okawaru
Wu Jian
Xom

Shops:
D:1 (   D:4 ?


Message History

You mangle the bullfrog zombie!!
You destroy the bullfrog zombie!
The wyvern zombie bites you but does no damage.
The wyvern zombie is burned by your cloak of flames.
The wyvern zombie is heavily damaged.
The wight hits you with a +3 mace!
You feel drained.
Your Unarmed Combat skill increases to level 12!
You claw the wyvern zombie!
The wyvern zombie is severely damaged.
The wyvern zombie bites you.
The wyvern zombie is burned by your cloak of flames.
The wyvern zombie is almost destroyed.
The bullfrog zombie misses you. The wight misses you.
You completely miss the wyvern zombie.
The wyvern zombie is almost destroyed.
The wyvern zombie closely misses you.
The bullfrog zombie hits you but does no damage.
The bullfrog zombie is burned by your cloak of flames.
The bullfrog zombie is severely damaged.
You barely miss the wyvern zombie. You claw the wyvern zombie.
You destroy the wyvern zombie!
The bullfrog zombie hits you but does no damage.
The bullfrog zombie is burned by your cloak of flames.
The bullfrog zombie is almost destroyed.
Your life force feels restored.
You scratch the bullfrog zombie.
The bullfrog zombie is almost destroyed.
The bullfrog zombie barely misses you. The wight barely misses you.
You mangle the bullfrog zombie!!
You destroy the bullfrog zombie!
The wight hits you with a +4 great sword.
The wight is burned by your cloak of flames.
The wight is lightly damaged.
The wight hits you but does no damage.
The wight is burned by your cloak of flames.
The wight is moderately damaged.
You mangle the wight!!
You destroy the wight!
The wight hits you but does no damage. The wight hits you with a +0 battleaxe!
You die...

....... #........
#.........
#.........
#.........
#####.........
#@).......^...
#zz......P....
##.......P.....
.................
########.........
#.........
#.........
+....##### #....#


You could see 2 wights.

Vanquished Creatures
  Joseph (D:7)
  A blink frog (Abyss:1)
  Sigmund (D:6)
  Menkaure (D:6)
  An ice beast (D:6)
  A black bear (D:6)
  An ogre (D:4)
  A phantom (D:5)
  4 wyvern zombies (D:7)
  A necrophage (D:6)
  10 wights (D:7)
  A howler monkey (D:6)
  2 bullfrog zombies (D:7)
  3 hounds
  Crazy Yiuf (D:2)
  A gnoll bouda (D:6)
  2 iguanas
  5 orc wizards
  3 killer bee zombies (D:7)
  A howler monkey zombie (D:7)
  7 gnolls (D:6)
  5 adders
  A white imp (D:6)
  4 ufetubi
  25 orcs
  A bat (D:1)
  4 endoplasms
  2 giant cockroaches
  7 goblins
  3 hobgoblins
  2 jackals (D:4)
  5 quokkas
  A ball python (D:4)
  5 frilled lizards (D:5)
  10 kobolds
  A rat (D:3)
125 creatures vanquished.

Vanquished Creatures (others)
  2 plants (D:5)
  3 withered plants (D:7)
5 creatures vanquished.

Grand Total: 130 creatures vanquished

Notes
Turn   | Place    | Note
-------+----------+-------------------------------------------
     0 | D:1      | qw the Troll Cinder Acolyte began the quest for the Orb.
     0 | D:1      | Reached XP level 1. HP: 22/22 MP: 1/1
     0 | D:1      | 0 ||| qw: Version: 0.1-a-97-g2dd2ca4
     0 | D:1      | 0 ||| qw: Game counter: 4730
     0 | D:1      | 0 ||| qw: Always use a shield: true
     0 | D:1      | 0 ||| qw: God list: Okawaru
     0 | D:1      | 0 ||| qw: Allow faded altars: false
     0 | D:1      | 0 ||| qw: Do Orc after D:15 true
     0 | D:1      | 0 ||| qw: Do second Lair branch before Depths: true
     0 | D:1      | 0 ||| qw: Lair rune preference: random
     0 | D:1      | 0 ||| qw: Plans: Normal
     0 | D:1      | 0 ||| PLANNING D:1-11
   195 | D:1      | Reached XP level 2. HP: 29/29 MP: 2/2
   213 | D:1      | Found Utoez's Weapon Shoppe.
   617 | D:1      | 617 ||| UPGRADING to ring of willpower.
   618 | D:1      | 618 ||| READING scroll labelled XUTEIF VICI.
   719 | D:1      | 719 ||| READING 2 scrolls labelled SED XUALIDWIW.
   720 | D:1      | 720 ||| READING scroll labelled GEX UCUPOG.
   721 | D:1      | 721 ||| DRINKING 2 bubbling coppery potions.
   800 | D:2      | Found a runed translucent door.
   801 | D:2      | Noticed Crazy Yiuf
   951 | D:2      | Found a faded altar of an unknown god.
  1115 | D:2      | 1115 ||| INVOKING Fiery Armour.
  1120 | D:2      | Reached skill level 4 in Unarmed Combat
  1248 | D:2      | 1248 ||| READING scroll labelled XOHOOZ TULUI.
  1249 | D:2      | 1249 ||| DRINKING 2 murky sapphire potions.
  1250 | D:2      | 1250 ||| READING 2 scrolls of identify.
  1250 | D:2      | 1250 ||| IDENTIFYING fizzy emerald potion
  1251 | D:2      | 1251 ||| DROPPING potion of magic.
  1252 | D:2      | 1252 ||| DROPPING potion of brilliance.
  1253 | D:2      | 1253 ||| Stepping randomly (stuck).
  1254 | Abyss:1  | Cast into level 1 of the Abyss (Crazy Yiuf)
  1695 | Abyss:1  | Noticed a blink frog
  1695 | Abyss:1  | Noticed a blink frog
  1695 | Abyss:1  | Noticed a blink frog
  1695 | Abyss:1  | 1695 ||| INVOKING Fiery Armour.
  1696 | Abyss:1  | Noticed a blink frog
  1699 | Abyss:1  | Killed a blink frog
  1700 | Abyss:1  | Reached skill level 6 in Unarmed Combat
  1700 | Abyss:1  | Reached XP level 3. HP: 20/36 MP: 3/3
  1700 | Abyss:1  | Reached XP level 4. HP: 24/44 MP: 4/4
  1700 | Abyss:1  | Reached XP level 5. HP: 27/50 MP: 5/5
  1702 | D:2      | Escaped the Abyss
  1703 | D:2      | Killed Crazy Yiuf
  1748 | D:2      | 1748 ||| UPGRADING to +0 cloak.
  1814 | D:3      | Reached XP level 6. HP: 59/59 MP: 6/6
  1903 | D:3      | 1903 ||| Stepping ~*~*~tactically~*~*~ (outnumbered).
  1904 | D:3      | 1904 ||| Stepping ~*~*~tactically~*~*~ (outnumbered).
  1906 | D:3      | 1906 ||| Stepping ~*~*~tactically~*~*~ (outnumbered).
  1912 | D:3      | Reached skill level 7 in Unarmed Combat
  2083 | D:3      | 2083 ||| Stepping ~*~*~tactically~*~*~ (outnumbered).
  2084 | D:3      | 2084 ||| Stepping ~*~*~tactically~*~*~ (outnumbered).
  2161 | D:3      | 2161 ||| Stepping ~*~*~tactically~*~*~ (stealth).
  2163 | D:3      | 2163 ||| Stepping ~*~*~tactically~*~*~ (stealth).
  2808 | D:3      | 2808 ||| DROPPING orb of guile.
  2809 | D:3      | 2809 ||| DROPPING +6 ring of intelligence.
  2810 | D:3      | 2810 ||| UPGRADING to ring of see invisible.
  2811 | D:3      | 2811 ||| READING scroll labelled NAOCHA RANYST.
  2815 | D:3      | 2815 ||| READING scroll labelled QEZ ORUEFIU.
  2816 | D:3      | 2816 ||| READING scroll labelled MECAAF JAYHE.
  2817 | D:3      | 2817 ||| DRINKING 2 brown potions.
  2942 | D:4      | 2942 ||| Stepping ~*~*~tactically~*~*~ (stealth).
  3253 | D:4      | 3253 ||| Stepping ~*~*~tactically~*~*~ (outnumbered).
  3254 | D:4      | 3254 ||| Stepping ~*~*~tactically~*~*~ (outnumbered).
  3403 | D:4      | Reached skill level 8 in Unarmed Combat
  3505 | D:4      | 3505 ||| Stepping ~*~*~tactically~*~*~ (outnumbered).
  3506 | D:4      | 3506 ||| Stepping ~*~*~tactically~*~*~ (outnumbered).
  3507 | D:4      | 3507 ||| Stepping ~*~*~tactically~*~*~ (outnumbered).
  3508 | D:4      | 3508 ||| Stepping ~*~*~tactically~*~*~ (outnumbered).
  3510 | D:4      | 3510 ||| Stepping ~*~*~tactically~*~*~ (outnumbered).
  3512 | D:4      | 3512 ||| Stepping ~*~*~tactically~*~*~ (outnumbered).
  3518 | D:4      | Reached XP level 7. HP: 66/66 MP: 7/7
  3629 | D:4      | Found Unauricw's Magic Scroll Boutique.
  3632 | D:4      | 3632 ||| BUYING scroll of enchant armour (75 gold).
  3632 | D:4      | Bought a scroll of enchant armour for 75 gold pieces
  3632 | D:4      | 3632 ||| BUYING scroll of teleportation (30 gold).
  3632 | D:4      | Bought a scroll of teleportation for 30 gold pieces
  3632 | D:4      | 3632 ||| SHOPLISTING scroll of teleportation (30 gold, have
                  | 18).
  3632 | D:4      | 3632 ||| READING scroll of enchant armour.
  3632 | D:4      | 3632 ||| ENCHANTING +0 cloak.
  3734 | D:4      | 3734 ||| READING scroll labelled XEACZEDOSO.
  3735 | D:4      | 3735 ||| READING 2 scrolls labelled GEYPLAGHEU.
  3736 | D:4      | 3736 ||| READING scroll labelled FONICIAMER.
  3736 | D:4      | Identified a scroll of acquirement
  3736 | D:4      | 3736 ||| ACQUIRING 1231 gold pieces
  3736 | D:4      | Acquired 1231 gold pieces
  3738 | D:4      | 3738 ||| DRINKING 2 fuming puce potions.
  3739 | D:4      | 3739 ||| DRINKING 2 green potions.
  3740 | D:4      | 3740 ||| READING 6 scrolls of identify.
  3740 | D:4      | 3740 ||| IDENTIFYING pink potion
  3741 | D:4      | 3741 ||| READING 5 scrolls of identify.
  3741 | D:4      | 3741 ||| IDENTIFYING lumpy brown potion
  3742 | D:4      | 3742 ||| READING 4 scrolls of identify.
  3742 | D:4      | 3742 ||| IDENTIFYING sapphire potion
  3743 | D:4      | 3743 ||| DROPPING potion of attraction.
  3744 | D:4      | 3744 ||| DROPPING potion of degeneration.
  3745 | D:4      | 3745 ||| DROPPING potion of flight.
  3784 | D:5      | Entered Level 5 of the Dungeon
  3865 | D:5      | Found a staircase to the Ecumenical Temple.
  3925 | D:5      | 3925 ||| Stepping ~*~*~tactically~*~*~ (outnumbered).
  3970 | D:5      | Reached skill level 3 in Fighting
  4122 | D:5      | Found an iron altar of Okawaru.
  4273 | D:5      | 4273 ||| Stepping ~*~*~tactically~*~*~ (stealth).
  4282 | D:5      | Found a shimmering altar of Xom.
  4667 | D:5      | 4667 ||| READING scroll labelled ROSANOF TOWOE.
  4790 | D:5      | 4790 ||| READING scroll of teleportation.
  4791 | D:5      | 4791 ||| STAIRDANCE
  4921 | D:6      | Identified the +2 helmet of the Depths {Rampage rPois Int+4
                  | Slay-6}
  4951 | D:6      | 4951 ||| Stepping ~*~*~tactically~*~*~ (outnumbered).
  4952 | D:6      | 4952 ||| Stepping ~*~*~tactically~*~*~ (outnumbered).
  4953 | D:6      | 4953 ||| Stepping ~*~*~tactically~*~*~ (outnumbered).
  4954 | D:6      | 4954 ||| Stepping ~*~*~tactically~*~*~ (outnumbered).
  4955 | D:6      | 4955 ||| Stepping ~*~*~tactically~*~*~ (outnumbered).
  4956 | D:6      | 4956 ||| Stepping ~*~*~tactically~*~*~ (outnumbered).
  4966 | D:6      | 4966 ||| INVOKING Fiery Armour.
  4967 | D:6      | HP: 12/67 [gnoll/+0 halberd (8)]
  4968 | D:6      | 4968 ||| DRINKING potion of heal wounds.
  5070 | D:6      | Found an ornate altar of the Wu Jian Council.
  5208 | D:6      | Reached skill level 9 in Unarmed Combat
  5259 | D:6      | Noticed Sigmund
  5265 | D:6      | Killed Sigmund
  5266 | D:6      | Reached XP level 8. HP: 71/75 MP: 8/8
  5274 | D:6      | Found a broken altar of Ashenzari.
  5301 | D:6      | Noticed Menkaure
  5305 | D:6      | 5305 ||| Stepping ~*~*~tactically~*~*~ (hiding).
  5311 | D:6      | Killed Menkaure
  5445 | D:6      | Reached skill level 10 in Unarmed Combat
  5448 | D:6      | 5448 ||| Stepping ~*~*~tactically~*~*~ (stealth).
  5457 | D:6      | 5457 ||| Stepping ~*~*~tactically~*~*~ (stealth).
  5458 | D:6      | 5458 ||| Stepping ~*~*~tactically~*~*~ (stealth).
  5460 | D:6      | 5460 ||| Stepping ~*~*~tactically~*~*~ (stealth).
  5461 | D:6      | 5461 ||| Stepping ~*~*~tactically~*~*~ (stealth).
  5854 | D:7      | 5854 ||| Stepping ~*~*~tactically~*~*~ (outnumbered).
  5855 | D:7      | 5855 ||| Stepping ~*~*~tactically~*~*~ (outnumbered).
  5862 | D:7      | 5862 ||| INVOKING Fiery Armour.
  5949 | D:7      | Noticed Joseph
  5950 | D:7      | 5950 ||| Stepping ~*~*~tactically~*~*~ (hiding).
  5963 | D:7      | Killed Joseph
  5964 | D:7      | Reached skill level 11 in Unarmed Combat
  5964 | D:7      | Reached XP level 9. HP: 52/84 MP: 9/9
  5994 | D:7      | 5994 ||| Stepping ~*~*~tactically~*~*~ (stealth).
  5997 | D:7      | 5997 ||| Stepping ~*~*~tactically~*~*~ (stealth).
  6072 | D:7      | 6072 ||| Stepping ~*~*~tactically~*~*~ (outnumbered).
  6079 | D:7      | 6079 ||| INVOKING Fiery Armour.
  6090 | D:7      | 6090 ||| Stepping ~*~*~tactically~*~*~ (outnumbered).
  6091 | D:7      | 6091 ||| Stepping ~*~*~tactically~*~*~ (outnumbered).
  6092 | D:7      | 6092 ||| Stepping ~*~*~tactically~*~*~ (outnumbered).
  6093 | D:7      | 6093 ||| Stepping ~*~*~tactically~*~*~ (outnumbered).
  6094 | D:7      | 6094 ||| Stepping ~*~*~tactically~*~*~ (outnumbered).
  6095 | D:7      | 6095 ||| Stepping ~*~*~tactically~*~*~ (outnumbered).
  6096 | D:7      | 6096 ||| Stepping ~*~*~tactically~*~*~ (outnumbered).
  6097 | D:7      | 6097 ||| Stepping ~*~*~tactically~*~*~ (outnumbered).
  6099 | D:7      | 6099 ||| Stepping ~*~*~tactically~*~*~ (outnumbered).
  6100 | D:7      | 6100 ||| Stepping ~*~*~tactically~*~*~ (outnumbered).
  6101 | D:7      | 6101 ||| Stepping ~*~*~tactically~*~*~ (outnumbered).
  6102 | D:7      | 6102 ||| Stepping ~*~*~tactically~*~*~ (outnumbered).
  6105 | D:7      | 6105 ||| Stepping ~*~*~tactically~*~*~ (outnumbered).
  6106 | D:7      | 6106 ||| Stepping ~*~*~tactically~*~*~ (outnumbered).
  6107 | D:7      | 6107 ||| Stepping ~*~*~tactically~*~*~ (outnumbered).
  6108 | D:7      | 6108 ||| Stepping ~*~*~tactically~*~*~ (outnumbered).
  6111 | D:7      | 6111 ||| Stepping ~*~*~tactically~*~*~ (outnumbered).
  6112 | D:7      | 6112 ||| Stepping ~*~*~tactically~*~*~ (outnumbered).
  6113 | D:7      | 6113 ||| Stepping ~*~*~tactically~*~*~ (outnumbered).
  6114 | D:7      | 6114 ||| Stepping ~*~*~tactically~*~*~ (outnumbered).
  6115 | D:7      | 6115 ||| Stepping ~*~*~tactically~*~*~ (outnumbered).
  6116 | D:7      | 6116 ||| Stepping ~*~*~tactically~*~*~ (outnumbered).
  6117 | D:7      | 6117 ||| Stepping ~*~*~tactically~*~*~ (outnumbered).
  6118 | D:7      | 6118 ||| Stepping ~*~*~tactically~*~*~ (outnumbered).
  6119 | D:7      | 6119 ||| Stepping ~*~*~tactically~*~*~ (outnumbered).
  6120 | D:7      | 6120 ||| Stepping ~*~*~tactically~*~*~ (outnumbered).
  6122 | D:7      | 6122 ||| Stepping ~*~*~tactically~*~*~ (outnumbered).
  6123 | D:7      | 6123 ||| Stepping ~*~*~tactically~*~*~ (outnumbered).
  6124 | D:7      | 6124 ||| Stepping ~*~*~tactically~*~*~ (outnumbered).
  6125 | D:7      | 6125 ||| Stepping ~*~*~tactically~*~*~ (outnumbered).
  6126 | D:7      | 6126 ||| Stepping ~*~*~tactically~*~*~ (outnumbered).
  6128 | D:7      | 6128 ||| Stepping ~*~*~tactically~*~*~ (outnumbered).
  6129 | D:7      | 6129 ||| Stepping ~*~*~tactically~*~*~ (outnumbered).
  6130 | D:7      | 6130 ||| Stepping ~*~*~tactically~*~*~ (outnumbered).
  6135 | D:7      | HP: 14/84 [wight/+3 mace (9)]
  6136 | D:7      | Reached skill level 12 in Unarmed Combat
  6136 | D:7      | HP: 6/83 [wyvern zombie (6)]
  6141 | D:7      | Slain by a wight

Levels and vault maps discovered:
D:1:      psy_arrival_terrarium, layout_basic, serial_shops,
          nicolae_shop_competitors_out_of_business
D:2:      layout_rooms, shapermc_ecumenical_altar_ellora,
          palyth_stone_intersect, uniq_crazy_yiuf_cottage
D:3:      layout_basic, chequers_serial_rivers_large_b
D:4:      layout_gridville, serial_shops, nicolae_shop_behind_doors
D:5:      layout_basic, mainiacjoe_overflow_small_starburst,
          nicolae_overflow_hidden_temple, minmay_temple_entry_glass,
          kennysheep_cross_room, minmay_lizard_king
D:6:      layout_basic, kennysheep_mini_moat, marbit_many_paths,
          wad_floor_pattern_untrapped, lemuel_flamethrower_1, uniq_menkaure,
          uniq_sigmund
D:7:      layout_gridville, grunt_nemelex_the_gamble,
          nzn_hepliaklqana_mist_gate, serial_undead, serial_undead_f,
          serial_undead_a, serial_undead_b, serial_undead_d, serial_undead_f,
          serial_undead_d, serial_undead_c, uniq_joseph

Skill      XL: |  1  2  3  4  5  6  7  8  9 |
---------------+----------------------------+-----
Unarmed Combat | 6 8 9 11 12 | 12.0
Fighting       | 3 4 |  4.4
Dodging        | 2 |  2.2
Spellcasting   | |  1.0
Fire Magic     | |  2.1

Action                   |  1- 3 |  4- 6 |  7- 9 || total
-------------------------+-------+-------+-------++-------
Melee: Unarmed           |    72 |   123 |   188 ||   383
       Punch             |     1 |     5 |     7 ||    13
Invok: Fiery Armour      |     2 |       |     3 ||     5
  Use: Scroll            |     5 |     3 |     9 ||    17
       Potion            |     2 |     1 |     3 ||     6
Armor: Robe              |    41 |    36 |    51 ||   128
Dodge: Dodged            |    30 |    50 |   103 ||   183

Table legend:
 A = Non-vault XP
 B = Vault XP
 C = Vault XP percentage of total XP
 D = Non-vault monster count
 E = Vault monster count
 F = Vault count percentage of total count
                 A         B        C        D         E       F
            +---------+---------+-------+---------+---------+-------
      Total |    1981 |    1899 |  48.9 |      99 |      26 |  20.8
            +---------+---------+-------+---------+---------+-------
        D:1 |      21 |       0 |   0.0 |      11 |       0 |   0.0
        D:2 |      19 |      39 |  67.2 |       5 |       1 |  16.7
        D:3 |     175 |       0 |   0.0 |      27 |       0 |   0.0
        D:4 |     200 |       0 |   0.0 |      21 |       0 |   0.0
        D:5 |     234 |      42 |  15.2 |       9 |       6 |  40.0
        D:6 |     676 |     418 |  38.2 |      17 |       3 |  15.0
        D:7 |     367 |    1400 |  79.2 |       8 |      16 |  66.7
    Abyss:1 |     289 |       0 |   0.0 |       1 |       0 |   0.0
            +---------+---------+-------+---------+---------+-------
